AoeStats
← wxm

Arena

510520459Analyzed
1v1 RM · 2d ago on Oct 1, 2026· 64m 25s· 2 players
Game mode
Random Map
Map size
Tiny (2 player)
Population
200
Speed
Normal
Resources
Standard
Victory
Conquest
Starting age
Dark Age
Ending age
Imperial Age
RankedLock teamsTeams togetherTeam positionsShared explorationLock speedFull tech treeHidden civsTurbo modeCheats
Victory
Defeat
🇨🇳 Teutons · China
388
+16
🇷🇺 Teutons · Russia
398
-16
wxm
9:49 Feudal Age
11:12 Wheelbarrow
10:26 Horse Collar
10:33 Double-Bit Axe
19:34 Castle Age
18:15 Forging
19:17 Man-at-Arms
19:59 Stone Mining
19:59 Gold Mining
20:57 Long Swordsman
21:23 Gambesons
21:38 Squires
22:04 Heavy Plow
23:27 Bow Saw
24:40 Arson
25:02 Scale Mail Armor
26:59 Stone Shaft Mining
29:01 Hand Cart
29:41 Iron Casting
30:25 Ballistics
30:18 Masonry
33:06 Ironclad
37:44 Chain Mail Armor
43:54 Imperial Age
45:41 Crop Rotation
46:41 Town Watch
47:42 Conscription
49:05 Chemistry
48:48 Devotion
49:09 Sanctity
49:00 Fervor
50:56 Elite Teutonic Knight
51:08 Capped Ram
53:37 Blast Furnace
52:44 Scale Barding Armor
52:40 Padded Archer Armor
53:50 Hoardings
54:56 Bloodlines
54:43 Cavalier
56:18 Plate Mail Armor
60:00 Fletching
60:25 Leather Archer Armor
62:59 Guilds
党和人民
10:54 Feudal Age
14:44 Castle Age
13:39 Double-Bit Axe
15:33 Loom
26:32 Horse Collar
31:40 Imperial Age
30:09 Gold Mining
30:10 Stone Mining
31:15 Ballistics
31:08 Forging
30:51 Fletching
31:11 Forging
31:06 Scale Barding Armor
31:59 Stone Shaft Mining
31:51 Bow Saw
31:43 Heavy Plow
32:38 Wheelbarrow
32:19 Bodkin Arrow
33:29 Chemistry
32:34 Siege Engineers
32:51 Conscription
33:26 Crop Rotation
34:02 Hand Cart
35:20 Iron Casting
34:46 Scale Mail Armor
38:22 Blast Furnace
37:39 Chain Mail Armor
36:48 Elite Teutonic Knight
39:41 Two-Man Saw
38:33 Town Watch
39:03 Guilds
40:51 Plate Mail Armor
42:39 Hoardings
42:26 Crenellations
42:27 Ironclad
42:13 Town Patrol
42:52 Scale Barding Armor
43:19 Squires
43:05 Arson
46:06 Pikeman
46:59 Bloodlines
47:45 Chain Barding Armor
47:42 Masonry
47:43 Fortified Wall
50:06 Guard Tower
50:02 Arrowslits
51:27 Plate Barding Armor
50:39 Onager
51:31 Halberdier
52:04 Siege Onager
55:55 Padded Archer Armor
Connection lost

Rejoining the realm…

Still unreachable

The connection could not be restored.

Session expired

The server has moved on; the page needs a fresh start.